 Dungeon Crawl Stone Soup version 0.31-a0-164-g2312942fda (webtiles) character file.

Game seed: 11116416927073208972

65 Moral the Trooper (level 3, -7/34 HPs)
             Began as a Minotaur Fighter on June 14, 2023.
             Killed by divine providence
             ... invoked by an orc priest
              (12 damage)
             ... on level 3 of the Dungeon.
             The game lasted 00:02:59 (1317 turns).

Moral the Trooper (Minotaur Fighter)                Turns: 1317, Time: 00:03:00

Health: -7/34      AC:  7    Str: 22    XL:     3   Next: 94%
Magic:  2/2        EV:  9    Int:  5    God:
Gold:   73         SH:  4    Dex:  9    Spells: 2/2 levels left

rFire   . . .        a - +0 war axe
rCold   . . .        c - +0 buckler
rNeg    . . .        b - +0 scale mail
rPois   .            (helmet restricted)
rElec   .            (no cloak)
rCorr   .            (no gloves)
SInv    .            (no boots)
Will    .....        (no amulet) Stlth
                     (no ring)
HPRegen 0.25/turn    (no ring)
MPRegen 0.08/turn

%: no passive effects
@: no status effects
A: horns 2, retaliatory headbutt
a: no special abilities


You were on level 3 of the Dungeon.
You visited 1 branch of the dungeon, and saw 3 of its levels.

You collected 73 gold pieces.

Inventory:

Hand Weapons
 a - a +0 war axe (weapon)
Armour
 b - a +0 scale mail (worn)
 c - a +0 buckler (worn)
Jewellery
 h - a ring of poison resistance
Scrolls
 e - a scroll of amnesia {unknown}
 g - a scroll of enchant armour {unknown}
 i - 2 scrolls of revelation {unknown}
Potions
 d - a potion of might
 f - a potion of heal wounds {unknown}
 j - a potion of ambrosia {unknown}
 k - 3 potions of curing {unknown}
 l - a potion of degeneration {unknown}
 m - a potion of berserk rage {unknown}


   Skills:
 * Level 4.5 Fighting
 * Level 3.6 Axes
 + Level 4.0 Armour
 + Level 4.0 Shields


You had 2 spell levels left.
You didn't know any spells.
Your spell library was empty.

Dungeon Overview and Level Annotations

Branches:
Dungeon (3/15)

Altars:


Innate Abilities, Weirdness & Mutations

You have a pair of horns on your head.
You reflexively headbutt those who attack you in melee.


Message History

You hit the orc. Your headbutt misses the orc.
The orc is moderately wounded.
You block the orc's attack.
You completely miss the orc.
The orc is moderately wounded.
The orc barely misses you. You furiously retaliate!
You headbutt the orc. You hit the orc.
You kill the orc!
The orc hits you but does no damage.
You barely miss the orc. Your headbutt misses the orc.
The orc priest mumbles some strange prayers to Beogh against you.
Beogh smites you! The orc barely misses you. You furiously retaliate!
You headbutt the orc!
You kill the orc!
You hear a shout!
Found an escape hatch in the ceiling.
The orc misses you. You block the orc's attack.
An orc comes into view. It is wielding a +0 whip.
Items here: ))) [[ ††.
You slash the orc!
You kill the orc!
The orc hits you from afar with a +0 trident.
You barely miss the orc. The orc barely misses you. x2
The orc hits you with a +0 short sword.
The orc hits you from afar with a +0 trident.
You slash the orc!
You kill the orc!
The orc closely misses you.
Okay, then.
The orc priest calls down the wrath of Beogh upon you.
Beogh smites you!
* * * LOW HITPOINT WARNING * * *
You barely miss the orc. The orc hits you but does no damage.
You slash the orc!
You kill the orc!
The orc closely misses you. You furiously retaliate!
You headbutt the orc!
You kill the orc!
The orc priest mumbles some strange prayers to Beogh against you.
Beogh smites you!
You die...

.. ###.. ### ... #.#.
... ... ### #.# ..#
... #.# ..# ##. ###..
##.## .(#....
<.....###@..##.......
#..o)o....<.......
#..###...##....... #.
##.## ....... .. #.#
.#..... #. #.#
.####.. #. #.# .. # #
#.. .# .#


You could see an orc priest and an orc.

Vanquished Creatures
  An adder (D:2)
  A dart slug (D:2)
  7 orcs (D:3)
  3 endoplasms
  A giant cockroach (D:1)
  2 hobgoblins (D:1)
  2 jackals (D:2)
  6 kobolds
  3 quokkas
  3 ball pythons
  7 bats
  5 frilled lizards
  3 goblins
  8 rats
52 creatures vanquished.

Notes
Turn   | Place    | Note
-------+----------+-------------------------------------------
     0 | D:1      | Moral the Minotaur Fighter began the quest for the Orb.
     0 | D:1      | Reached XP level 1. HP: 19/19 MP: 0/0
   117 | D:1      | You fall into a shaft and drop 1 floor!
   210 | D:1      | Reached XP level 2. HP: 25/27 MP: 1/1
   868 | D:2      | Reached XP level 3. HP: 33/33 MP: 2/2
  1317 | D:3      | Killed from afar by an orc priest

Illustrated notes

Levels and vault maps discovered:
D:1:      minmay_arrival_diagonal_passages, layout_basic, corexii_hall_statues_s
D:2:      layout_basic, kennysheep_doodads, guppyfry_early_lair_pool
D:3:      layout_loops_ring, shapermc_ecumenical_altar_petra,
          gup_sewer_entry_glass, serial_shops, nicolae_shop_tiny_waterfront,
          uniq_natasha, uniq_crazy_yiuf_cottage, uniq_sigmund

Skill      XL: |  1  2  3 |
---------------+----------+-----
Axes           | 3 |  3.6
Fighting       | 4 |  4.5
Armour         | 4 |  4.0
Shields        | 4 |  4.0

Action                     || total
---------------------------++-------
  Melee: War axe           ||    93
         Headbutt          ||     9
 Armour: Scale mail        ||    47
  Dodge: Dodged            ||    59
  Block: Buckler           ||    25

Table legend: (Time is in decaauts)
 A = Elapsed time spent in this place.
 B = Non-inter-level travel time spent in this place.
 C = Inter-level travel time spent in this place.
 D = Time resting spent in this place.
 E = Time spent auto-exploring this place.
 F = Levels seen in this place.
 G = Mean time per level.
                   A        B        C        D        E       F      G
               +--------+--------+--------+--------+--------+-----+--------+
         Total |   1352 |   1318 |     34 |      0 |    989 |   3 |  450.7 |
       Dungeon |   1352 |   1318 |     34 |      0 |    989 |   3 |  450.7 |
               +--------+--------+--------+--------+--------+-----+--------+

Top non-repeatable levels by time:
     D:1: 727 daAuts
     D:2: 601 daAuts
     D:3: 23 daAuts
